 Dungeon Crawl Stone Soup version 0.30-a0-415-g685d318daa (webtiles) character file.

Game seed: 15369422593087137686

5179 Essalna the Zephyrmancer (level 10, -8/65 HPs)
             Began as a Tengu Air Elementalist on Dec 8, 2022.
             Was a Follower of Vehumet.
             Killed from afar by a lich (52 damage)
             ... with a bolt of cold
             ... on level 2 of the Abyss.
             The game lasted 00:25:03 (11615 turns).

Essalna the Zephyrmancer (Tengu Air Elementalist)  Turns: 11615, Time: 00:25:04

Health: -8/65      AC: 13    Str:  8    XL:     10   Next: 60%
Magic:  23/23      EV: 19    Int: 19    God:    Vehumet [*.....]
Gold:   525        SH:  5    Dex: 16    Spells: 10/13 levels left

rFire   . . .      SeeInvis .    v - +12 dagger of Hafroico {flame, MP+9}
rCold   . . .      Faith    .    (no shield)
rNeg    . . .      Spirit   .    F - +0 acid dragon scales
rPois   .          Reflect  +    t - +2 hat
rElec   .          Harm     .    w - +2 cloak {rCorr}
rCorr   +          Rampage  .    z - +0 pair of gloves
Will    .....                    (boots unavailable)
Stlth   ++........               h - amulet of reflection
HPRegen 0.30/turn                r - +4 ring of evasion
MPRegen 0.18/turn                y - +4 ring of slaying

@: flying quickly and evasively, hasted and slowed, quick
A: beak, talons 3, nimble flight
a: Renounce Religion


You were on level 2 of the Abyss.
You worshipped Vehumet.
Vehumet was aware of your devotion.
You visited 2 branches of the dungeon, and saw 10 of its levels.
You visited the Abyss 1 time.
You also visited: Ossuary.

You collected 525 gold pieces.

Inventory:

Hand Weapons
 l - the +3 short sword "Bion" {speed, Will+ Str+3 Int+6}
   (You found it on level 7 of the Dungeon)

   Attacks with this weapon are significantly faster.
   Str:       It affects your strength (+3).
   Int:       It affects your intelligence (+6).
   Will:      It increases your willpower.
 v - the +12 dagger of Hafroico (weapon) {flame, MP+9}
   (You found it on level 3 of the Dungeon)

   It burns those it strikes, dealing additional fire damage.
   MP:        It affects your magic capacity (+9).
Armour
 a - a +1 robe
 t - a +2 hat (worn)
 w - a +2 cloak of preservation (worn)
 z - a +0 pair of gloves (worn)
 D - a +1 robe of positive energy
 F - +0 acid dragon scales (worn)
 G - a +2 robe
Jewellery
 h - an amulet of reflection (around neck)
 n - an amulet of guardian spirit
 r - a +4 ring of evasion (left hand)
 y - a +4 ring of slaying (right hand)
 I - a +6 ring of strength
Wands
 A - a wand of mindburst (13)
 B - a wand of paralysis (9)
Scrolls
 c - 3 scrolls of amnesia
 e - 3 scrolls of enchant armour
 m - 4 scrolls of identify
 E - a scroll of brand weapon
 H - a scroll of magic mapping
Potions
 b - a potion of magic
 d - a potion of might
 g - 5 potions of curing
 j - a potion of haste
 k - 2 potions of resistance {unknown}
 o - 2 potions of mutation {unknown}
 p - 5 potions of degeneration {unknown}
 q - 2 potions of brilliance {unknown}
 s - 2 potions of invisibility {unknown}
 u - a potion of flight {unknown}
 x - 2 potions of cancellation {unknown}
 C - a potion of attraction {unknown}
 J - a potion of lignification {unknown}


   Skills:
 + Level 8.4 Fighting
 + Level 3.3 Armour
 + Level 4.2 Dodging
 - Level 2.0 Stealth
 - Level 2.0 Spellcasting
 + Level 11.1 Conjurations
 + Level 11.6 Air Magic


You had 10 spell levels left.
You knew the following spells:

 Your Spells              Type           Power      Damage    Failure   Level
a - Shock                 Conj/Air       100%       1d9       1%          1
b - Static Discharge      Conj/Air       90%        2-6/arc   1%          2

Your spell library contained the following spells:

 Spells                   Type           Power      Damage    Failure   Level
 Sandblast                Erth           2%         2d4       28%         1
 Magic Dart               Conj           100%       1d8       1%          1
 Searing Ray              Conj           88%        2d7       1%          2
 Swiftness                Air            46%        N/A       1%          3
 Airstrike                Air            23%        2d(4-20)  2%          4
 Dazzling Flash           Conj/Hex       46%        N/A       9%          3
 Necrotise                Necr           4%         1d4       28%         1
 Fulminant Prism          Conj/Hex       11%        3d8       28%         4
 Silence                  Hex/Air        12%        N/A       56%         5
 Call Canine Familiar     Summ           1%         N/A       63%         3
 Gell's Gravitas          Tloc           1%         N/A       63%         3
 Lesser Beckoning         Tloc           2%         N/A       63%         3
 Portal Projectile        Hex/Tloc       2%         N/A       63%         3
 Teleport Other           Tloc           1%         N/A       63%         3
 Vampiric Draining        Necr           1%         2d6       63%         3
 Leda's Liquefaction      Hex/Erth       0%         N/A       95%         4
 Agony                    Necr           1%         N/A       100%        5
 Summon Forest            Summ/Tloc      0%         N/A       100%        5
 Eringya's Noxious Bog    Tmut/Pois      0%         N/A       100%        6
 Summon Hydra             Summ           0%         N/A       100%        7


Dungeon Overview and Level Annotations

Branches:
Dungeon (9/15)             Temple (1/1) D:6         Ossuary (visited)
   Lair: D:8-11         Orc: D:9-12

Altars:
Ashenzari
Cheibriados
Elyvilon
Fedhas
Gozag
Hepliaklqana
Nemelex Xobeh
Okawaru
Ru
Sif Muna
Trog
Uskayaw
Vehumet
Wu Jian
Xom
Yredelemnul
Zin

Shops:
D:1 *   D:4 (   D:5 =

Annotations:
D:9 Erolcha


Innate Abilities, Weirdness & Mutations

You have a beak for a mouth.
You have claws for feet.
Your magical nature lets you fly swiftly and evasively.


Message History

The necromancer shouts!
As you read the scroll of teleportation, it crumbles to dust.
You feel strangely unstable.
You feel the power of the Abyss delaying your translocation!
You block the caustic shrike zombie's attack.
The caustic shrike zombie completely misses you.
You block the caustic shrike zombie's attack.
The caustic shrike zombie misses you.
The caustic shrike zombie attacks as you move away!
You block the caustic shrike zombie's attack.
The caustic shrike zombie misses you.
The caustic shrike zombie attacks as you move away!
The caustic shrike zombie claws you!!
You are suddenly pulled into a different region of the Abyss!
Unknown command.
A bone dragon comes into view.
Okay, then.
A bone dragon is nearby!
A cyclops comes into view.
A bone dragon is nearby!
A lich comes into view.
The lich shouts!
Okay, then.
Welcome back, Essalna the Tengu Air Elementalist.
Vehumet says: Let it end in hellfire!
Press ? for a list of commands and other information.
You feel yourself speed up.
The lich gestures wildly while chanting.
The lich seems to speed up.
The lich launches a ball of destructive magic.
An orb of destruction comes into view.
A tormentor comes into view.
The tormentor roars!
An ufetubus comes into view.
The lich casts a spell at you.
You feel yourself slow down.
The lich gestures at you while chanting.
The bolt of cold hits you!!!
Ouch! That really hurt!
You die...

#..D#..##.# #
#...## .# ☼
#°°°#.## ## .. #L
#.#..# ☼....#
##.#D# ☼...##
#...#......#
....8.####L#####.#
........#...##
....8..@....2#
......##.........
...○. #.....#5...
...○ .#...###...
... ..##.## #.# °.
.## ... .. . #.
.... # ....


You could see a lich (fast), a tormentor and an ufetubus.

Vanquished Creatures
  Psyche (D:8)
  2 hornets (D:9)
  Sigmund (D:5)
  The ghost of oneeeeegina the Magician, an amateur DjNe (D:4)
  Menkaure (D:7)
  An acid dragon (D:8)
  A hell hound (Abyss:2)
  4 water moccasins
  2 ice beasts
  An orc warrior (D:8)
  A sky beast (D:6)
  2 ogres
  A centaur (D:8)
  A phantom (D:6)
  A kobold brigand (D:8)
  5 bullfrogs
  A necrophage (D:4)
  2 scorpions
  3 water moccasin zombies
  8 wights
  A water moccasin skeleton (D:4)
  6 killer bees (D:9)
  An electric eel (D:6)
  3 howler monkeys (D:9)
  4 hounds
  3 jellies
  6 orc priests
  5 iguanas
  Crazy Yiuf (D:3)
  10 orc wizards
  Robin (D:3)
  2 mummies (Ossuary)
  7 gnolls (D:5)
  7 adders
  A shadow imp (D:7)
  3 white imps
  10 adder zombies (Ossuary)
  3 worms
  25 orcs
  5 ball pythons
  11 bats
  8 endoplasms
  3 giant cockroaches
  3 gnoll zombies (Ossuary)
  8 goblins
  13 hobgoblins
  3 jackals (D:2)
  16 kobolds
  4 quokkas
  4 frilled lizards
  5 hobgoblin zombies (Ossuary)
  4 kobold zombies (Ossuary)
  3 orc zombies (Ossuary)
  2 rats
231 creatures vanquished.

Vanquished Creatures (others)
  7 plants (D:6)
7 creatures vanquished.

Grand Total: 238 creatures vanquished

Notes
Turn   | Place    | Note
-------+----------+-------------------------------------------
     0 | D:1      | Essalna the Tengu Air Elementalist began the quest for the
                  | Orb.
     0 | D:1      | Reached XP level 1. HP: 10/10 MP: 4/4
    21 | D:1      | Found Qopiaqep's General Store.
   144 | D:1      | Reached XP level 2. HP: 13/16 MP: 0/6
   364 | D:1      | Reached skill level 1 in Fighting
   690 | D:1      | Found a faded altar of an unknown god.
   784 | D:1      | Reached XP level 3. HP: 20/20 MP: 4/7
   874 | D:1      | Learned a level 2 spell: Static Discharge
  2051 | D:3      | Reached skill level 5 in Air Magic
  2051 | D:3      | Reached XP level 4. HP: 25/26 MP: 0/8
  2268 | D:3      | Noticed Robin
  2315 | D:4      | Found a sand-covered staircase.
  2320 | Ossuary  | Entered an ossuary
  2470 | Ossuary  | Gained mutation: Your magical nature lets you fly swiftly
                  | and evasively. [Tengu growth]
  2470 | Ossuary  | Reached XP level 5. HP: 5/31 MP: 0/9
  2972 | D:3      | Reached XP level 6. HP: 37/37 MP: 7/10
  3067 | D:4      | Found an opulent altar of Gozag.
  3130 | D:4      | Found a transporter.
  3132 | D:4      | Noticed oneeeeegina's ghost (amateur DjNe)
  3190 | D:4      | Reached skill level 5 in Conjurations
  3503 | D:4      | Reached XP level 7. HP: 35/43 MP: 0/11
  3673 | D:4      | Found a hide-covered altar of Uskayaw.
  4001 | D:3      | Identified the +12 dagger of Hafroico {flame, MP+9}
  4167 | D:3      | Found a hazy altar of Hepliaklqana.
  4471 | D:3      | Found a runed translucent door.
  4472 | D:3      | Noticed Crazy Yiuf
  4544 | D:3      | Killed Crazy Yiuf
  4639 | D:3      | Killed Robin
  4843 | D:4      | Found Enahem's Antique Weapon Emporium.
  5133 | D:5      | Entered Level 5 of the Dungeon
  5311 | D:5      | Reached XP level 8. HP: 35/48 MP: 6/12
  5464 | D:5      | Found Quzxye's Jewellery Shoppe.
  5486 | D:5      | Reached skill level 5 in Fighting
  5508 | D:5      | Noticed Sigmund
  5518 | D:5      | Killed Sigmund
  5836 | D:5      | Found a shimmering blue altar of Sif Muna.
  6451 | D:6      | Found an iron altar of Okawaru.
  7028 | D:6      | Reached XP level 9. HP: 24/53 MP: 13/13
  7290 | D:6      | Found a sparkling altar of Nemelex Xobeh.
  7292 | D:6      | Found a glowing silver altar of Zin.
  7302 | D:6      | Found a broken altar of Ashenzari.
  7306 | D:6      | Found a shimmering altar of Xom.
  7820 | D:6      | Found a white marble altar of Elyvilon.
  7823 | D:6      | Found a blossoming altar of Fedhas.
  7825 | D:6      | Found a staircase to the Ecumenical Temple.
  7858 | Temple   | Entered the Ecumenical Temple
  7883 | Temple   | Became a worshipper of Vehumet
  8029 | D:4      | Killed oneeeeegina's ghost
  8030 | D:4      | Reached skill level 10 in Air Magic
  8161 | D:4      | Found a transporter.
  8321 | D:7      | Identified the +3 short sword "Bion" {speed, Will+ Str+3
                  | Int+6}
  8422 | D:7      | Noticed Menkaure
  8428 | D:7      | Killed Menkaure
  8883 | D:7      | Found a snail-covered altar of Cheibriados.
  9308 | D:8      | Reached skill level 10 in Conjurations
  9732 | D:8      | Noticed Psyche
  9750 | D:8      | Killed Psyche
  9751 | D:8      | Reached skill level 1 in Armour
  9751 | D:8      | Reached XP level 10. HP: 59/64 MP: 14/14
  9844 | D:8      | Reached * piety under Vehumet
  9844 | D:8      | Offered knowledge of Sandblast by Vehumet.
 10762 | D:9      | Noticed a cyan ugly thing
 11245 | D:9      | Noticed Erolcha
 11249 | Abyss:2  | Cast into level 2 of the Abyss (Erolcha)
 11289 | Abyss:2  | Found a corrupted altar of Lugonu.
 11323 | Abyss:2  | Noticed a flayed ghost
 11373 | Abyss:2  | Noticed a green death
 11425 | Abyss:2  | Noticed a starcursed mass
 11425 | Abyss:2  | Noticed a lich
 11519 | Abyss:2  | Noticed a necromancer
 11519 | Abyss:2  | Noticed a caustic shrike zombie
 11580 | Abyss:2  | Noticed a bone dragon
 11587 | Abyss:2  | Noticed a cyclops
 11600 | Abyss:2  | Noticed a lich
 11615 | Abyss:2  | Killed from afar by a lich

Illustrated notes

Levels and vault maps discovered:
D:1:      dpeg_arrival_stone_temple_mockup, layout_basic,
          hellmonk_ecumenical_altar_slurped_away, serial_shops, shop,
          minmay_tree_intersection, grunt_decor_clamped, minmay_misc_feat_chi,
          ebering_dispersal_statue_hall
D:2:      layout_basic
D:3:      layout_loops_ring, nicolae_overflow_crystal_walls,
          nicolae_kite_square_tiling_tiny, uniq_robin, uniq_crazy_yiuf_cottage
D:4:      layout_gridville, nicolae_gozag_seed_capital,
          mainiacjoe_overflow_24_doors, serial_shops, kennysheep_mini,
          nicolae_ossuary_entry_false_entrances, gammafunk_ghost_mausoleum
D:5:      layout_loops_ring, mainiacjoe_overflow_alcove_1, nrook_uturn,
          nicolae_stop_n_shop_1, uniq_sigmund
D:6:      layout_loops_ring, okawaru_gym_becter, grunt_temple_overflow_open,
          mainiacjoe_overflow_catwalk_spiral, minmay_temple_entry_trees,
          serial_bayou_lagoon_a
D:7:      layout_loops_corners, chei_slow_surprise, uniq_menkaure
D:8:      layout_basic, kennysheep_small_spiral, minmay_orc_keep, uniq_psyche
D:9:      layout_roguey, hive_lemuel, uniq_erolcha
Temple:   nicolae_temple_bog_church
Abyss:2:  base: D:9, hangedman_abyss_mock_shop, hangedman_abyss_batty_box,
          hangedman_abyss_feature_spike, spicy_abyss_planar_alliance,
          evilmike_abyss_exit_7, serial_sigils_hangedman_snap,
          lemuel_firewalk_3, base:
D:3

Skill      XL: |  1  2  3  4  5  6  7  8  9 10 |
---------------+-------------------------------+-----
Conjurations   | 2 3 4 5 6 8 10 11 | 11.1
Fighting       | 1 2 3 4 6 7 8 |  8.4
Air Magic      | 5 6 7 9 11 | 11.6
Armour         | 1 3 |  3.3
Dodging        | 4 |  4.2
Stealth        | |  2.0
Spellcasting   | |  2.0

Action                   |  1- 3 |  4- 6 |  7- 9 | 10-12 || total
-------------------------+-------+-------+-------+-------++-------
Melee: Unarmed           |    13 |       |       |       ||    13
       Kick              |     3 |    10 |     9 |       ||    22
       Peck              |     1 |     1 |     1 |     2 ||     5
       Dagger            |       |    24 |    24 |    16 ||    64
 Cast: Shock             |    77 |    94 |   245 |    53 ||   469
       Static Discharge  |       |     6 |    68 |    31 ||   105
  Use: Scroll            |     4 |       |     6 |     8 ||    18
       Potion            |       |       |       |     5 ||     5
 Stab: Sleeping          |       |     1 |       |       ||     1
Armor: Robe              |    13 |    14 |    13 |       ||    40
       Acid dragon scale |       |       |     1 |    13 ||    14
Dodge: Dodged            |    15 |    37 |    83 |    88 ||   223
Block: Other             |       |    15 |    22 |    22 ||    59
       Reflection        |       |       |       |     1 ||     1

Table legend: (Time is in decaauts)
 A = Elapsed time spent in this place.
 B = Non-inter-level travel time spent in this place.
 C = Inter-level travel time spent in this place.
 D = Time resting spent in this place.
 E = Time spent auto-exploring this place.
 F = Levels seen in this place.
 G = Mean time per level.
                   A        B        C        D        E       F      G
               +--------+--------+--------+--------+--------+-----+--------+
         Total |  11139 |  10688 |    451 |      0 |   9106 |  12 |  928.2 |
       Dungeon |  10143 |   9701 |    442 |      0 |   8504 |   9 | 1127.0 |
        Temple |     33 |     24 |      9 |      0 |     11 |   1 |   33.0 |
         Abyss |    331 |    331 |      0 |      0 |     52 |   1 |  331.0 |
       Ossuary |    631 |    631 |      0 |      0 |    538 |   1 |  631.0 |
               +--------+--------+--------+--------+--------+-----+--------+

Top non-repeatable levels by time:
     D:6: 1496 daAuts
     D:4: 1413 daAuts
     D:5: 1234 daAuts
     D:8: 1208 daAuts
     D:3: 1202 daAuts
     D:1: 1081 daAuts
     D:2: 911 daAuts
     D:7: 889 daAuts
     D:9: 704 daAuts
 Ossuary: 631 daAuts
 Abyss:2: 331 daAuts
  Temple: 33 daAuts
